AoeStats
← Mezzanine00

Arabia

503418097Analyzed
1v1 RM · 1mo ago on Aug 31, 2026· 55m 45s· 2 players
Game mode
Random Map
Map size
Tiny (2 player)
Population
200
Speed
Normal
Resources
Standard
Victory
Conquest
Starting age
Dark Age
Ending age
Imperial Age
RankedLock teamsTeams togetherTeam positionsShared explorationLock speedFull tech treeHidden civsTurbo modeCheats
Victory
Defeat
🇬🇧 Poles · United Kingdom
1786
+24
🇮🇳 Celts · India
1976
-24
Mezzanine00
6:16 Loom
8:34 Feudal Age
9:53 Double-Bit Axe
11:12 Horse Collar
16:51 Fletching
19:27 Wheelbarrow
22:41 Castle Age
21:15 Forging
21:25 Bloodlines
21:22 Scale Barding Armor
23:23 Light Cavalry
24:04 Husbandry
24:25 Chain Barding Armor
25:00 Gold Mining
25:58 Heavy Plow
29:23 Town Watch
33:02 Hand Cart
34:11 Bow Saw
38:50 Imperial Age
39:07 Szlachta Privileges
39:04 Cavalier
40:39 Iron Casting
41:04 Crop Rotation
42:21 Blast Furnace
41:18 Bodkin Arrow
41:35 Squires
42:39 Chemistry
42:48 Scale Mail Armor
42:49 Padded Archer Armor
43:27 Lechitic Legacy
43:28 Conscription
43:42 Bracer
43:53 Thumb Ring
44:42 Chain Mail Armor
45:27 Leather Archer Armor
46:08 Ballistics
46:37 Heavy Cavalry Archer
The Last Boar Bender
7:23 Loom
9:42 Feudal Age
9:46 Man-at-Arms
10:11 Double-Bit Axe
15:15 Arson
20:38 Castle Age
19:26 Gold Mining
19:36 Fletching
20:03 Padded Archer Armor
21:47 Bow Saw
21:00 Crossbowman
22:56 Bodkin Arrow
22:57 Horse Collar
28:04 Wheelbarrow
28:59 Ballistics
31:40 Scale Mail Armor
32:19 Hand Cart
32:37 Pikeman
34:59 Heavy Plow
38:50 Imperial Age
37:45 Chain Mail Armor
37:40 Forging
37:17 Gambesons
38:26 Stone Mining
39:12 Gold Shaft Mining
39:54 Iron Casting
39:13 Halberdier
40:46 Plate Mail Armor
43:24 Iron Casting
43:19 Plate Mail Armor
44:03 Elite Woad Raider
45:14 Conscription
46:01 Hoardings
46:56 Blast Furnace
47:13 Masonry
48:04 Chemistry
50:59 Chemistry
50:46 Town Watch
51:39 Furor Celtica
Connection lost

Rejoining the realm…

Still unreachable

The connection could not be restored.

Session expired

The server has moved on; the page needs a fresh start.